 Dungeon Crawl Stone Soup version 0.25-a0-663-gace7076f2c (webtiles) character file.

Game seed: 2054879473752581874, levelgen mode: deterministic

65 Aggronaut the Ruffian (level 4, 0/34 HPs)
             Began as a Ghoul Monk on Mar 25, 2020.
             Was a Believer of Hepliaklqana.
             Slain by a gnoll
             ... wielding a +1 vorpal halberd
              (14 damage)
             ... on level 2 of the Dungeon.
             The game lasted 00:05:40 (1922 turns).

Aggronaut the Ruffian (Ghoul Monk)                  Turns: 1922, Time: 00:05:41

Health: 0/34       AC:  5    Str: 14    XL:     4   Next: 14%
Magic:  3/3        EV: 11    Int:  5    God:    Hepliaklqana [**....]
Gold:   146        SH:  0    Dex: 12    Spells: 3/3 levels left

rFire    . . .     SeeInvis .     - Unarmed
rCold    + . .     Gourm    .   (no shield)
rNeg     + + +     Faith    .   e - +0 ring mail
rPois    ∞         Spirit   .   (no helmet)
rElec    .         Reflect  .   (no cloak)
rCorr    .         Harm     .   (no gloves)
MR       .....                  (no boots)
Stlth    +.........             (no amulet)
HPRegen  0.00/turn              (no ring)
MPRegen  0.08/turn              (no ring)

@: rotting
A: rotting body, reduced essence, claws 1, carnivore, cold resistance 1,
negative energy resistance 3, inhibited regeneration, torment resistance,
unbreathing
a: Recall Ancestor, Ancestor Identity, Renounce Religion


You were on level 2 of the Dungeon.
You worshipped Hepliaklqana.
Hepliaklqana was pleased with you.
You were not hungry.

You visited 1 branch of the dungeon, and saw 2 of its levels.

You collected 146 gold pieces.

Inventory:

Missiles
 f - 2 throwing nets (quivered)
Armour
 e - a +0 ring mail (worn)
Scrolls
 a - a scroll of noise {unknown}
 d - a scroll of identify {unknown}
 g - a scroll of amnesia {unknown}
 i - a scroll of immolation {unknown}
 j - a scroll of teleportation {unknown}
 k - a scroll of fog {unknown}
Potions
 c - a potion of heal wounds {unknown}
 h - a potion of ambrosia {unknown}
 l - a potion of degeneration {unknown}
Comestibles
 b - 3 rations
 m - a chunk of flesh


   Skills:
 - Level 3.2 Fighting
 + Level 3.3 Dodging
 - Level 2.1 Stealth
 * Level 4.8 Unarmed Combat


You had 3 spell levels left.
You didn't know any spells.
Your spell library was empty.

Dungeon Overview and Level Annotations

Branches:
Dungeon (2/15)

Altars:
Hepliaklqana


Innate Abilities, Weirdness & Mutations

Your body is rotting away.
You thrive on raw meat.
You are immune to poison.
You have sharp fingernails.
You are carnivorous and can eat meat at any time.
Your flesh is cold resistant. (rC+)
You are immune to negative energy. (rN+++)
You do not regenerate when monsters are visible.
You are immune to unholy pain and torment.
You can survive without breathing.
Your life essence is reduced to manifest your ancestor. (-10% HP)


Message History

The jackal bites you but does no damage.
You scratch the jackal but do no damage.
The jackal closely misses you. The gnoll hits you but does no damage.
The gnoll hits you from afar with a +0 spear.
Agathoclea casts a spell at the gnoll.
The stone arrow hits the jackal!
The jackal dies!
The gnoll closely misses you.
Agathoclea points at the gnoll and mumbles some strange words.
The puff of frost hits the gnoll!
The gnoll hits Agathoclea from afar with a +0 spear.
The gnoll barely misses you.
Something completely misses Agathoclea.
There is an open door here.
You swap places.
The gnoll hits you with a +0 spear!
Your ring mail prevents you from hitting the gnoll.
The gnoll closely misses you. The gnoll hits you with a +0 spear.
You barely miss the gnoll.
The gnoll hits you from afar with a +1 vorpal halberd!
You die...

#..................'...
#.#####'########.###...
###'####.....# #.# #...
#.....##.....# #.# #...
#.....##.....# #.# #...
#######.....##.....#
#.# ####
#...............####
#.. #.########.##.#####
### ### #.# #.#..@ggg#
##.+ #.# #.#.R###g#
##..# #.# #.###..#..#
##.#.. #.# #.##..###g#
##.#..# #.# #.####..#g.
##.#.... #.#
#.#.#..###.. ##.#..#..
#.#
#.#.###..#..##.#..#.##
#.#
#.#..#..#####.#..#.##.
#.#
#.##.###..##.#..#.####


You could see the friendly Agathoclea the battlemage and 4 gnolls.

Vanquished Creatures
  An ooze (D:1)
  A worm (D:2)
  A dart slug (D:1)
  A ball python (D:2)
  3 bats (D:1)
  2 giant cockroaches
  6 goblins (D:1)
  4 hobgoblins (D:1)
  3 kobolds
  A quokka (D:2)
  6 frilled lizards
  4 rats (D:1)
33 creatures vanquished.

Vanquished Creatures (collateral kills)
  An adder (D:2)
  An ooze (D:2)
  A worm (D:2)
  A hobgoblin (D:2)
  A jackal (D:2)
  A frilled lizard (D:2)
  2 rats (D:2)
8 creatures vanquished.

Grand Total: 41 creatures vanquished

Notes
Turn   | Place    | Note
-------+----------+-------------------------------------------
     0 | D:1      | Aggronaut the Ghoul Monk began the quest for the Orb.
     0 | D:1      | Reached XP level 1. HP: 19/19 MP: 0/0
   178 | D:1      | Reached XP level 2. HP: 26/26 MP: 1/1
   315 | D:1      | Reached skill level 4 in Unarmed Combat
   723 | D:1      | Reached XP level 3. HP: 27/31 MP: 2/2
  1266 | D:2      | Found a faded altar of an unknown god.
  1291 | D:2      | Became a worshipper of Hepliaklqana the Forgotten
  1291 | D:2      | Reached * piety under Hepliaklqana
  1291 | D:2      | Reached ** piety under Hepliaklqana
  1292 | D:2      | Remembered your ancestor Agathoclea as a battlemage
  1746 | D:2      | Reached XP level 4. HP: 33/33 MP: 3/3
  1922 | D:2      | Slain by a gnoll

Levels and vault maps discovered:
D:1:      elethiomel_arrival_infinity_welcomes_careful_drivers, layout_basic
D:2:      minmay_razor_zed, layout_basic, chequers_ecumenical_altar_island

Skill      XL: |  1  2 |
---------------+-------+-----
Dodging        | 3 |  3.3
Unarmed Combat | 4 |  4.8
Fighting       | |  3.2
Stealth        | |  2.1

Action                   |  1- 3 |  4- 6 || total
-------------------------+-------+-------++-------
Melee: Unarmed           |    87 |    11 ||    98
Invok: Ancestor Life: Ba |     1 |       ||     1
  Eat: Chunk             |     5 |     2 ||     7
Armor: Ring mail         |    27 |     3 ||    30
       Robe              |     2 |       ||     2
Dodge: Dodged            |    44 |    12 ||    56

Table legend:
 A = Non-vault XP
 B = Vault XP
 C = Vault XP percentage of total XP
 D = Non-vault monster count
 E = Vault monster count
 F = Vault count percentage of total count
                 A         B        C        D         E       F
            +---------+---------+-------+---------+---------+-------
      Total |      91 |       3 |   3.2 |      39 |       2 |   4.9
            +---------+---------+-------+---------+---------+-------
        D:1 |      47 |       0 |   0.0 |      25 |       0 |   0.0
        D:2 |      44 |       3 |   6.4 |      14 |       2 |  12.5
            +---------+---------+-------+---------+---------+-------
